 Dungeon Crawl Stone Soup version 0.17-a0-1882-g750edc8 (webtiles) character file.

99 shakdrar the Chopper (level 4, -4/40 HPs)
             Began as a Hill Orc Abyssal Knight on Sept 22, 2015.
             Was a Believer of Lugonu.
             Slain by a gnoll
             ... wielding a +0 flail
              (8 damage)
             ... on level 3 of the Dungeon.
             The game lasted 00:09:48 (2691 turns).

shakdrar the Chopper (Hill Orc Abyssal Knight)      Turns: 2691, Time: 00:09:49

Health: -4/40      AC:  5    Str: 15    XL:     4   Next: 72%
Magic:  6/6        EV: 10    Int: 12    God:    Lugonu [**....]
Gold:   180        SH:  0    Dex: 10    Spells: 0 memorised, 3 levels left

rFire  . . .     SeeInvis +     a - +2 hand axe
rCold  . . .     Clarity  .     e - +0 ring mail
rNeg   . . .     SustAt   .     (no shield)
rPois  .         Gourm    .     (no helmet)
rElec  .         Spirit   .     (no cloak)
rCorr  .         Warding  .     (no gloves)
rMut   .         Stasis   .     (no boots)
MR     .....                    (no amulet)
Stlth  ..........               (no ring)
                                k - ring of see invisible

@: not resistant to hostile enchantments, extremely unstealthy
A: no striking features
a: Depart the Abyss, Bend Space, Renounce Religion


You were on level 3 of the Dungeon.
You worshipped Lugonu.
Lugonu was pleased with you.
You were hungry.

You visited 1 branch of the dungeon, and saw 3 of its levels.
You visited the Abyss 1 time.

You collected 180 gold pieces.

Inventory:

Hand weapons
 a - a +2 hand axe (weapon)
 i - a cursed +0 mace
Armour
 b - a +0 leather armour
 e - a +0 ring mail (worn)
 p - a +0 helmet
Jewellery
 k - a ring of see invisible (left hand)
Scrolls
 l - a scroll of enchant weapon
 n - 2 scrolls of identify
 q - a scroll of teleportation
Potions
 d - 3 potions of curing
 g - a potion of might {unknown}
 h - 2 potions of flight {unknown}
 o - 2 potions of lignification {unknown}
Comestibles
 c - 2 bread rations
 f - a meat ration
 j - 2 beef jerkies
 m - a royal jelly


   Skills:
 + Level 4.1 Fighting
 * Level 5.0 Axes
 + Level 2.6 Armour
 - Level 0.7 Dodging
 + Level 3.4 Invocations


You had 3 spell levels left.
You didn't know any spells.

Dungeon Overview and Level Annotations

Branches:
Dungeon (3/15)

Altars:
Dithmenos
Fedhas

Annotations:
D:3 Anothat's ghost, average VSMo


Message History

The gnoll is severely wounded.
The gnoll completely misses you.
You hit the gnoll.
The gnoll is severely wounded.
The gnoll hits you with a club.
You hit the gnoll.
You kill the gnoll!
Lugonu accepts your kill.
Your Axes skill increases to level 5!
You hit the gnoll but do no damage.
The gnoll is moderately wounded.
The gnoll hits you with a flail!
You barely miss the gnoll.
The gnoll is moderately wounded.
The gnoll hits you with a flail!
* * * LOW HITPOINT WARNING * * *
You hit the gnoll.
The gnoll is moderately wounded.
The gnoll hits you with a flail!
You die...

#.._..#.......§.....
#.P.P.#......§§.....
.....................§§.....
...........###......§.......
....w..g.#####..............
...............#............
......w..####..##.....#.....
........####..##########.
#.......#Kg@.##
#.......ww#### #......####
#...... ##....# #####


You could see 2 worms, a gnoll and a kobold (invisible).

Vanquished Creatures
  A gnoll (D:3)
  3 adders (D:3)
  A worm (D:3)
  3 giant geckos (D:1)
  An orc (D:3)
  A ball python (D:1)
  4 bats
  3 giant cockroaches
  6 hobgoblins
  2 jackals (D:1)
  7 kobolds
  3 quokkas
  A giant newt (D:2)
  10 goblins
  8 rats
54 creatures vanquished.

Notes
Turn   | Place    | Note
--------------------------------------------------------------
     0 | Abyss:1  | shakdrar the Hill Orc Abyssal Knight began the quest for the Orb.
     0 | Abyss:1  | Reached XP level 1. HP: 19/19 MP: 2/2
    37 | D:1      | Escaped the Abyss
   336 | D:1      | Reached XP level 2. HP: 21/27 MP: 4/4
   933 | D:1      | Reached XP level 3. HP: 33/33 MP: 5/5
  1080 | D:1      | Acquired Lugonu's second power
  2020 | D:3      | Reached skill level 4 in Axes
  2040 | D:3      | Noticed Anothat's ghost (average VSMo)
  2281 | D:3      | Reached XP level 4. HP: 32/40 MP: 6/6
  2284 | D:3      | Found a shadowy altar of Dithmenos.
  2659 | D:3      | Found a blossoming altar of Fedhas.
  2688 | D:3      | Reached skill level 5 in Axes
  2691 | D:3      | Slain by a gnoll

Vault maps used:
D:1:      sevenhm_arrival_forest_fort_large_1, minmay_misc_feat_pillars
D:2:      corexii_hall_statues_u, bh_walls_and_bars
D:3:      grunt_dithmenos_smoke, fedhas_altar_1

Action                   |  1- 3 |  4- 6 || total
-------------------------+-------+-------++-------
Melee: Hand axe          |   151 |    37 ||   188
  Use: Scroll            |     9 |       ||     9
       Potion            |       |     1 ||     1
  Eat: Chunk             |     4 |     1 ||     5
